 Dungeon Crawl Stone Soup version 0.21-a0-633-g4c047d5f35 (webtiles) character file.

606 MrRokkomies the Bolt Thrower (level 7, -4/47 HPs)
             Began as a Kobold Hunter on Dec 20, 2017.
             Slain by an orc wizard
             ... wielding a +0 dagger of electrocution
              (18 damage)
             ... on level 4 of the Dungeon on Dec 29, 2017.
             The game lasted 00:15:06 (3354 turns).

MrRokkomies the Bolt Thrower (Kobold Hunter)        Turns: 3354, Time: 00:15:07

Health: -4/47      AC:  7    Str: 12    XL:     7   Next: 70%
Magic:  7/7        EV: 12    Int: 12    God:
Gold:   126        SH:  0    Dex: 15    Spells: 6/6 levels left

rFire    . . .     SeeInvis .   b - +1 quarterstaff
rCold    . . .     Gourm    .   (shield currently unavailable)
rNeg     . . .     Faith    .   q - +1 scale mail
rPois    .         Spirit   .   (no helmet)
rElec    .         Reflect  .   (no cloak)
rCorr    .         Harm     .   (no gloves)
MR       .....                  (no boots)
Stlth    ..........             (no amulet)
HPRegen  0.15/turn              (no ring)
MPRegen  0.10/turn              (no ring)

@: no status effects
A: small, carnivore
a: no special abilities


You were on level 4 of the Dungeon.
You were not hungry.

You visited 1 branch of the dungeon, and saw 4 of its levels.
You also visited: Sewer.

You collected 126 gold pieces.

Inventory:

Hand Weapons
 a - a +1 hand crossbow
 b - a +1 quarterstaff (weapon)
 e - a +1 dagger of venom
 o - a +0 blowgun
Missiles
 d - 37 bolts
 p - 12 poisoned needles
 r - 4 curare-tipped needles
Armour
 q - a +1 scale mail (worn)
Wands
 c - a wand of iceblast (4)
Scrolls
 n - a scroll of amnesia
Potions
 h - 4 potions of curing
 i - a potion of flight
 j - a potion of cancellation
 l - a potion of resistance {unknown}
Comestibles
 f - 4 rations


   Skills:
 * Level 6.3 Fighting
 * Level 3.1 Staves
 - Level 6.8 Crossbows
 - Level 2.4 Dodging
 - Level 1.3 Stealth


You had 6 spell levels left.
You didn't know any spells.

Dungeon Overview and Level Annotations

Branches:
Dungeon (4/15)
 Temple: D:4-7

Altars:
Uskayaw

Shops:
D:4 :


Innate Abilities, Weirdness & Mutations

You are small and have problems with some larger weapons.
You are carnivorous and can eat meat at any time.


Message History

The adder bites you but does no damage.
The orc wizard hits you but does no damage.
You hit the orc priest.
You kill the orc priest!
The orc wizard hits you but does no damage.
The adder barely misses you.
The orc wizard casts a cantrip, but nothing happens.
The adder bites you.
You barely miss the adder.
The adder bites you but does no damage. x2
You thump the adder!
The adder is almost dead.
The adder bites you but does no damage.
You hit the adder.
You kill the adder!
The orc wizard looks satisfied for a moment.
You closely miss the orc wizard. The orc wizard barely misses you.
The orc wizard hits you with a dagger of electrocution.
* * * LOW HITPOINT WARNING * * *
You are electrocuted!
You die...

#.#......##.#
#........##.#
#....\...##.#####
##..............#
##.#######.###.#
#.# #.# #.# #.#
#)###.###.# #+
#.........#
##.##@###
##...#o# #......#
##....##
........)....>.
..###........## #
#..##.##.# #..#
.# # #... .#


You could see an orc wizard.

Vanquished Creatures
  Sigmund (D:3)
  Purgy (Sewer)
  An ogre (D:4)
  A howler monkey (D:4)
  2 orc priests
  An orc wizard (D:3)
  Ijyb (D:3)
  A river rat (D:3)
  2 adders
  2 worms (D:2)
  9 orcs
  2 ball pythons
  5 bats
  6 giant cockroaches
  4 goblins (D:1)
  8 hobgoblins
  6 jackals
  2 quokkas
  2 frilled lizards
  8 kobolds
  23 rats
88 creatures vanquished.

Notes
Turn   | Place    | Note
-------+----------+-------------------------------------------
     0 | D:1      | MrRokkomies the Kobold Hunter began the quest for the Orb.
     0 | D:1      | Reached XP level 1. HP: 12/12 MP: 1/1
   245 | D:1      | Reached skill level 5 in Crossbows
   427 | D:1      | Reached XP level 2. HP: 16/18 MP: 2/2
   770 | D:1      | Reached XP level 3. HP: 18/23 MP: 3/3
  1222 | D:2      | Reached XP level 4. HP: 25/28 MP: 4/4
  1871 | D:3      | Noticed Sigmund
  1879 | D:3      | Killed Sigmund
  1879 | D:3      | Reached XP level 5. HP: 29/34 MP: 5/5
  1879 | D:3      | Reached XP level 6. HP: 34/40 MP: 6/6
  1880 | D:3      | Found a hide-covered altar of Uskayaw.
  2008 | D:3      | Noticed Ijyb
  2019 | D:3      | Reached skill level 5 in Fighting
  2033 | D:3      | Reached skill level 1 in Staves
  2045 | D:3      | Killed Ijyb
  2130 | D:3      | Found a glowing drain.
  2141 | Sewer    | Entered a sewer
  2517 | Sewer    | Noticed Purgy
  2533 | Sewer    | Upgraded the game from 0.21-a0-583-g2c32b0fbb7 to 0.21-a0-633-g4c047d5f35
  2536 | Sewer    | Killed Purgy
  2536 | Sewer    | Reached XP level 7. HP: 45/45 MP: 7/7
  3310 | D:4      | Found Deekludghoa's Book Shop.
  3354 | D:4      | Slain by an orc wizard

Vault maps used:
D:1:      dpeg_arrival_central
D:2:      minmay_rat_hole
D:3:      old_standard_altar, first_ration, portal_sewer_entry_e, uniq_sigmund,
          uniq_ijyb
D:4:      cheibrodos_helix_gallery, serial_shops, shop, shop,
          nicolae_shop_behind_doors, nicolae_shop_window_shopping, shop,
          xom_redecorated
Sewer:    sewer_the_crocodile

Skill      XL: |  1  2  3  4  5  6  7 |
---------------+----------------------+-----
Crossbows      | 5 6 |  6.8
Fighting       | 3 4 5 6 |  6.3
Staves         | 2 3 |  3.1
Dodging        | |  2.4
Stealth        | |  1.3

Action                   |  1- 3 |  4- 6 |  7- 9 || total
-------------------------+-------+-------+-------++-------
Melee: Short sword       |    47 |       |       ||    47
       Hand axe          |    47 |    12 |       ||    59
       Quarterstaff      |       |    78 |    29 ||   107
 Fire: Hand crossbow     |    11 |    44 |     1 ||    56
       Blowgun           |       |     9 |       ||     9
Evoke: Wand              |       |     1 |       ||     1
  Use: Scroll            |     3 |    10 |     5 ||    18
       Potion            |       |     2 |     1 ||     3
  Eat: Chunk             |     3 |     2 |     4 ||     9
Armor: Leather armour    |    20 |       |       ||    20
       Scale mail        |       |    63 |    12 ||    75
       Skin              |       |    36 |       ||    36
Dodge: Dodged            |    59 |   101 |    20 ||   180

Table legend:
 A = Spawn XP
 B = Non-spawn XP
 C = Spawn XP percentage of total XP
 D = Spawn monster count
 E = Non-spawn monster count
 F = Spawn count percentage of total count
 G = Total turns spent on level
                    A         B        C        D         E        F      G
               +---------+---------+-------+---------+---------+-------+---------
         Total |       0 |     866 |   0.0 |       0 |      88 |   0.0 |  3354
               +---------+---------+-------+---------+---------+-------+---------
           D:1 |       0 |      31 |   0.0 |       0 |      18 |   0.0 |  1041
           D:2 |       0 |      58 |   0.0 |       0 |      31 |   0.0 |   470
           D:3 |       0 |     391 |   0.0 |       0 |      28 |   0.0 |  1221
           D:4 |       0 |     240 |   0.0 |       0 |       5 |   0.0 |   160
         Sewer |       0 |     146 |   0.0 |       0 |       6 |   0.0 |   462
               +---------+---------+-------+---------+---------+-------+---------
